[Event "Titled Tuesday Blitz May 4 2021"]
[White "Tabatabaei, M. Amin"]
[Black "Yang, Kaiqi"]
[WhiteFideId "12521213"]
[BlackFideId "8604398"]
[WhiteElo "2555"]
[BlackElo "2373"]
[Result "1-0"]
[Round "03"]
[TimeControl "180+1"]
[Date "2021.05.04"]
[WhiteClock "0:00:21"]
[BlackClock "0:00:02"]

1. d4 d5 2. Nf3 Nf6 3. Bf4 c5 4. e3 Nc6 5. Nbd2 Qb6 6. dxc5 Qxb2 7. Rb1 Qc3 8. Bb5 Bd7 9. O-O g6 10. e4 dxe4 11. Nxe4 Nxe4 12. Bxc6 Bxc6 13. Be5 Qxc5 14. Bxh8 f6 15. Qd4 Rd8 16. Qxc5 Nxc5 17. Rfd1 Rxd1+ 18. Rxd1 Bxf3 19. gxf3 Bh6 20. Rd5 b6 21. Rd4 Kf7 22. Rh4 Bf8 23. Rxh7+ Kg8 24. Rh3 Ne6 25. f4 Nxf4 26. Rf3 Ne6 27. Bxf6 exf6 28. Rxf6 Nd4 29. Rxg6+ Kf7 30. Rg4 Nxc2 31. h4 Bg7 32. h5 Nd4 33. h6 Bf6 34. h7 Nf3+ 35. Kg2 Ne5 36. Rg8 Ng6 37. Ra8 a5 38. Rb8 Bd4 39. Kf3 Kg7 40. Rb7+ Kh8 41. a4 Nf8 42. Rb8 Kg7 43. h8=Q+ Kxh8 44. Rxf8+ Kg7 45. Rf5 Kg6 46. Rd5 Bc5 47. Kg3 Kf6 48. f4 Ke6 49. Rd1 Kf5 50. Kf3 Kf6 51. Ke4 Ke6 52. f5+ Kf6 53. Rh1 Kf7 54. Rh6 Kg7 55. Rc6 Kf7 56. Kf4 Ke7 57. Ke5 Kf7 58. Rc7+ Ke8 59. Ke6 Kf8 60. f6 Kg8 61. Rc8+ Kh7 62. Rxc5 bxc5 63. f7 Kg7 64. Ke7 1-0


[Site "https://www.chess.com"]

[Event "Titled Tuesday Blitz May 4 2021"]
[White "Tang, Andrew"]
[Black "Real De Azua, Ernesto"]
[WhiteFideId "2059630"]
[BlackFideId "108154"]
[WhiteElo "2584"]
[BlackElo "2476"]
[Result "0-1"]
[Round "03"]
[TimeControl "180+1"]
[Date "2021.05.04"]
[WhiteClock "0:00:03"]
[BlackClock "0:00:05"]

1. d4 Nf6 2. c4 e6 3. Nc3 Bb4 4. Qc2 d6 5. Nf3 c5 6. dxc5 dxc5 7. Bg5 Nbd7 8. e3 Qa5 9. Bd3 Bxc3+ 10. bxc3 h6 11. Bh4 b6 12. O-O Bb7 13. Rfd1 Bxf3 14. gxf3 O-O 15. Be2 Qa6 16. Rd6 Qb7 17. Rad1 Ne5 18. Kg2 Nh7 19. Bg3 Ng6 20. Bd3 Ng5 21. Be2 Qe7 22. Bd3 Rad8 23. Bxg6 fxg6 24. h4 Nf7 25. Rxd8 Rxd8 26. Rxd8+ Nxd8 27. Qxg6 Nc6 28. e4 Qf7 29. Qg4 Na5 30. e5 Qf5 31. Bf4 Qxg4+ 32. fxg4 Nxc4 33. Kf3 Kf7 34. Ke4 Na5 35. Bc1 Nc6 36. f4 g6 37. h5 gxh5 38. gxh5 Ne7 39. Bd2 Nf5 40. Kf3 Ne7 41. Be1 Nd5 42. Ke4 Ne7 43. Bh4 Nf5 44. Bd8 Ng3+ 45. Kf3 Nxh5 46. Bc7 b5 47. Bd6 c4 48. Bc5 a6 49. Ke4 Ng7 50. Bf2 Nf5 51. Kf3 h5 52. Bg1 Ke8 53. Ke4 Kd7 54. Bf2 Kc6 55. Be1 a5 56. Bf2 h4 57. Kf3 b4 58. Ke2 b3 59. axb3 cxb3 60. Kd3 a4 61. c4 h3 62. Bg1 b2 63. Kc2 a3 64. Kb1 Ne3 65. c5 Nc4 66. Ka2 Nd2 0-1


[Site "https://www.chess.com"]

[Event "Titled Tuesday Blitz May 4 2021"]
[White "Tari, Aryan"]
[Black "Aliavdin, Nikolai"]
[WhiteFideId "1510045"]
[BlackFideId "13502883"]
[WhiteElo "2656"]
[BlackElo "2268"]
[Result "0-1"]
[Round "03"]
[TimeControl "180+1"]
[Date "2021.05.04"]
[WhiteClock "0:00:02"]
[BlackClock "0:00:08"]

1. d4 Nf6 2. Nf3 e6 3. Bf4 d5 4. e3 c5 5. Nbd2 Bd6 6. dxc5 Bxc5 7. Bd3 Nc6 8. O-O O-O 9. h3 Bd6 10. Bxd6 Qxd6 11. c4 Ne5 12. Be2 Rd8 13. Rc1 b6 14. cxd5 Nxd5 15. Nxe5 Qxe5 16. Nf3 Qf6 17. Qb3 Bb7 18. Rfd1 g6 19. a4 Qe7 20. Nd4 Qb4 21. Qxb4 Nxb4 22. Rc7 Ba6 23. Bf3 Rac8 24. Rdc1 e5 25. Nb5 Rxc7 26. Rxc7 Bxb5 27. axb5 Rd2 28. Rxa7 Rxb2 29. Rb7 Nd3 30. Rxb6 Nxf2 31. Bd5 Nd1 32. Rb8+ Kg7 33. b6 Nxe3 34. Bc6 Nc4 35. b7 Na5 36. Bd5 e4 37. Re8 Nxb7 38. Rb8 Rb5 39. Bxb7 f5 40. Kf2 Rb3 41. g3 g5 42. Kg2 f4 43. gxf4 gxf4 44. Re8 Rb2+ 45. Kf1 Rxb7 46. Rxe4 Rf7 47. Kf2 Kg6 48. Kf3 Kg5 49. Re5+ Rf5 50. Re7 h5 51. Re4 h4 52. Rb4 Ra5 53. Rb3 Kf5 54. Rc3 Rd5 55. Rb3 Ke5 56. Ra3 Rc5 0-1


[Site "https://www.chess.com"]

[Event "Titled Tuesday Blitz May 4 2021"]
[White "Tejedor Fuente, Enrique"]
[Black "Indjic, Aleksandar"]
[WhiteFideId "2299100"]
[BlackFideId "911925"]
[WhiteElo "2535"]
[BlackElo "2591"]
[Result "0-1"]
[Round "03"]
[TimeControl "180+1"]
[Date "2021.05.04"]
[WhiteClock "0:00:02"]
[BlackClock "0:00:13"]

1. e4 c5 2. Nf3 Nc6 3. d4 cxd4 4. Nxd4 Nf6 5. Nc3 e6 6. Ndb5 Bc5 7. Bf4 O-O 8. Bc7 Qe7 9. Bd6 Bxd6 10. Qxd6 Qd8 11. O-O-O a6 12. Nd4 Ne7 13. f3 b5 14. g4 Bb7 15. Nb3 Bc6 16. Kb1 Ne8 17. Qd4 Qb8 18. Qb4 d6 19. Na5 Qc7 20. Be2 Ng6 21. h4 Nf4 22. h5 h6 23. Rd2 Rc8 24. Rhd1 Ba8 25. Bf1 Qc5 26. Qxc5 Rxc5 27. a3 g6 28. hxg6 fxg6 29. Nb3 Rc7 30. a4 bxa4 31. Nxa4 Bb7 32. Na5 Bc8 33. Nb6 h5 34. gxh5 gxh5 35. Bc4 Kh7 36. Rh1 Kh6 37. b3 Rc5 38. Nxc8 Rxc8 39. Nb7 Rc6 40. Nd8 Rxc4 41. bxc4 a5 42. Nc6 a4 43. Kb2 Rf7 44. Kc3 Rc7 45. Na5 Kg5 46. Rg1+ Kf6 47. Ra1 h4 48. Rxa4 h3 49. Ra1 Rh7 50. Rh2 Rh5 51. Nb3 Nc7 52. c5 dxc5 53. Ra5 Rg5 54. Rxc5 Rg2 55. Rxh3 Nxh3 56. Rxc7 Ng1 57. Kd4 Nxf3+ 58. Ke3 Ne5 59. Nd4 Rg3+ 60. Ke2 Ng4 61. Nf3 Rg2+ 62. Kd3 Rf2 63. Nd4 Ne5+ 64. Ke3 Ng4+ 65. Kd3 Ke5 66. Nc6+ Kd6 67. Rg7 Rg2 68. Ne7 Ne5+ 69. Kd4 Rxg7 70. Nc8+ Kc7 71. Na7 Nc6+ 72. Nxc6 Kxc6 73. Ke5 Kd7 74. c4 Rg1 75. c5 Rc1 76. Kd4 Rc2 0-1


[Site "https://www.chess.com"]

[Event "Titled Tuesday Blitz May 4 2021"]
[White "The_filthy"]
[Black "Gedgafov, Chamal"]
[BlackFideId "34130621"]
[WhiteElo "2391"]
[BlackElo "2005"]
[Result "1-0"]
[Round "03"]
[TimeControl "180+1"]
[Date "2021.05.04"]
[WhiteClock "0:00:17"]
[BlackClock "0:00:01"]

1. e4 e6 2. d4 d5 3. Nc3 Bb4 4. e5 c5 5. Bd2 cxd4 6. Nb5 Bxd2+ 7. Qxd2 Nc6 8. Nd6+ Kf8 9. Qf4 f6 10. Nf3 Nh6 11. O-O-O Nf7 12. Nxf7 Kxf7 13. Kb1 h6 14. h4 Rf8 15. Nxd4 Nxd4 16. Qxd4 fxe5 17. Qxe5 Qf6 18. Qc7+ Kg8 19. Rh3 Rf7 20. Qd6 Bd7 21. Bd3 Bc6 22. Rf3 Qe7 23. Qe5 Rxf3 24. gxf3 Rf8 25. f4 Rf6 26. h5 Qf7 27. Bg6 Qf8 28. Rd4 a6 29. a3 Bb5 30. a4 Bc6 31. b3 Qe7 32. Kb2 Qd7 33. Qb8+ Rf8 34. Bh7+ Kxh7 35. Qxf8 Qc7 36. Qc5 Qd7 37. Qc3 e5 38. fxe5 Qe6 39. f4 Qg4 40. Qd3+ Kg8 41. f5 Qxh5 42. f6 gxf6 43. exf6 Qf7 44. Rg4+ Kf8 45. Qf5 1-0


[Site "https://www.chess.com"]

[Event "Titled Tuesday Blitz May 4 2021"]
[White "Timmermans, Mark"]
[Black "Landaw, Julian"]
[WhiteFideId "1026399"]
[BlackFideId "2023342"]
[WhiteElo "2460"]
[BlackElo "2312"]
[Result "1-0"]
[Round "03"]
[TimeControl "180+1"]
[Date "2021.05.04"]
[WhiteClock "0:00:21"]
[BlackClock "0:00:03"]

1. b4 Nf6 2. Bb2 g6 3. c4 Bg7 4. a4 c6 5. e3 d5 6. Nf3 O-O 7. b5 Bg4 8. Be2 Nbd7 9. O-O Bxf3 10. Bxf3 e5 11. d4 e4 12. Be2 cxb5 13. cxb5 Rc8 14. Nc3 Nb6 15. Qb3 Nc4 16. Rfc1 Nxb2 17. Qxb2 Re8 18. a5 Bf8 19. a6 b6 20. Qb3 Qd7 21. Na2 Rxc1+ 22. Rxc1 Rc8 23. Rc3 Bd6 24. g3 h5 25. Kg2 h4 26. Rxc8+ Qxc8 27. Nc3 Qf5 28. Nd1 Nh7 29. gxh4 g5 30. hxg5 Nxg5 31. Kf1 Nf3 32. Bxf3 exf3 33. Ke1 Bxh2 34. Kd2 Bd6 35. Nc3 Qh3 36. Qxd5 Bb4 37. Qd8+ Kg7 38. Qg5+ Kf8 39. Qf6 Qg2 40. Qh8+ Ke7 41. Qh4+ Ke8 42. d5 Bxc3+ 43. Kxc3 Qf1 44. Qe4+ Kf8 45. Qxf3 Qxb5 46. e4 Qxa6 47. Kd4 Qa1+ 48. Qc3 Qxc3+ 49. Kxc3 Ke7 50. e5 a6 51. Kc4 Kd7 52. f4 Ke7 53. f5 Kd7 54. f6 Ke8 55. e6 fxe6 56. d6 e5 57. Kd5 a5 58. Kxe5 a4 59. Ke6 a3 60. f7+ Kf8 61. d7 a2 62. d8=Q+ 1-0


[Site "https://www.chess.com"]

[Event "Titled Tuesday Blitz May 4 2021"]
[White "Tisaj, Domen"]
[Black "Bluebaum, Matthias"]
[WhiteFideId "14628708"]
[BlackFideId "24651516"]
[WhiteElo "2243"]
[BlackElo "2685"]
[Result "1/2-1/2"]
[Round "03"]
[TimeControl "180+1"]
[Date "2021.05.04"]
[WhiteClock "0:00:04"]
[BlackClock "0:00:20"]

1. d4 Nf6 2. c4 e6 3. Nc3 d5 4. cxd5 exd5 5. Bg5 c6 6. e3 h6 7. Bh4 Be7 8. Bd3 O-O 9. Qc2 Re8 10. Nf3 Ne4 11. Bxe7 Qxe7 12. O-O Bf5 13. Nd2 Nxd2 14. Qxd2 Bxd3 15. Qxd3 Nd7 16. Rab1 Nb6 17. Rfc1 a6 18. b4 Nc4 19. a4 b5 20. a5 g6 21. Ne2 Kg7 22. Nf4 Qd6 23. Qc3 h5 24. Nd3 h4 25. h3 Re7 26. Nc5 Qf6 27. Qd3 Qg5 28. Re1 Nd6 29. Rbc1 Qf6 30. Re2 Nc4 31. Rce1 Nd6 32. Qd1 Qf5 33. Qd3 Qg5 34. Qd1 Ne4 35. Nxe4 Rxe4 36. f3 Re6 37. e4 dxe4 38. fxe4 Rd8 39. Qa1 Kh7 40. e5 Qe7 41. Qc3 Kg8 42. Re4 Rd5 43. Rf1 Qd8 44. Ref4 Rd7 45. Qf3 Qe7 46. Qg4 Qxb4 47. Qxh4 Qe7 48. Qg4 Qe8 49. h4 b4 50. h5 b3 51. Rf6 Rxf6 52. Rxf6 b2 53. Rf1 Rb7 54. hxg6 fxg6 55. Qe4 Qe6 56. d5 Qxd5 57. Qxg6+ Rg7 58. Qe8+ Kh7 59. Qh5+ Kg8 60. Qe8+ Kh7 61. Qh5+ Kg8 62. Qe8+ 1/2-1/2


[Site "https://www.chess.com"]

[Event "Titled Tuesday Blitz May 4 2021"]
[White "Titichoca Daza, Daniel"]
[Black "Hasangatin, Ramil"]
[WhiteFideId "3309550"]
[BlackFideId "4122160"]
[WhiteElo "1910"]
[BlackElo "2430"]
[Result "0-1"]
[Round "03"]
[TimeControl "180+1"]
[Date "2021.05.04"]
[WhiteClock "0:00:02"]
[BlackClock "0:01:37"]

1. e4 d5 2. exd5 Qxd5 3. Nc3 Qd6 4. d4 Nf6 5. h3 c6 6. g3 Bf5 7. Bg2 e6 8. Nge2 Be7 9. Bf4 Qb4 10. Rb1 O-O 11. O-O Nbd7 12. a3 Qb6 13. b4 Nd5 14. Bd2 Nxc3 15. Bxc3 Nf6 16. Ba1 Qa6 17. Rb3 Rad8 18. Re1 Be4 19. Bxe4 Nxe4 20. Nf4 Nf6 21. Qe2 Qxe2 22. Rxe2 b5 23. Nd3 Bd6 24. a4 a6 25. a5 Nd5 26. Bc3 Rfe8 27. Bd2 f6 28. c3 Kf7 29. f4 h5 30. Rb1 Ne7 31. Rbe1 Nf5 32. Kg2 Re7 33. Re4 Rde8 34. R1e2 h4 35. Be1 hxg3 36. Bxg3 Rh8 37. Bf2 Rh5 38. Ne1 Re8 39. Nf3 g6 40. h4 Ng7 41. R4e3 Reh8 42. Re4 Rf5 43. Bg3 Re8 44. Bh2 Nh5 45. Bg3 Bxf4 46. Bf2 Bd6 47. Be3 Ng3 48. Bf2 Nxe4 49. Rxe4 Rh8 50. Bg3 Bxg3 51. Kxg3 Ke7 52. Rg4 Rh6 53. Re4 Kd6 0-1


[Site "https://www.chess.com"]

[Event "Titled Tuesday Blitz May 4 2021"]
[White "Tokhirjonova, Gulrukhbegim"]
[Black "Eynullayev, Altay"]
[WhiteFideId "14203626"]
[BlackFideId "13413562"]
[WhiteElo "2236"]
[BlackElo "2079"]
[Result "1-0"]
[Round "03"]
[TimeControl "180+1"]
[Date "2021.05.04"]
[WhiteClock "0:00:42"]
[BlackClock "0:00:01"]

1. e4 c5 2. Nf3 d6 3. d4 cxd4 4. Nxd4 Nf6 5. Nc3 a6 6. Nb3 Nc6 7. Be2 e6 8. g4 b5 9. a3 Bb7 10. g5 Nd7 11. Be3 Qc7 12. f4 O-O-O 13. Qd2 Nc5 14. O-O-O Kb8 15. Kb1 Be7 16. h4 h6 17. Nd4 Rc8 18. Bf3 Nxd4 19. Bxd4 e5 20. Be3 hxg5 21. hxg5 exf4 22. Bxf4 Ne6 23. Be3 Qc4 24. Be2 Qc7 25. Bg4 Rcd8 26. g6 Bf6 27. gxf7 Bxc3 28. bxc3 Qxf7 29. Rhf1 Qe7 30. Bg1 Nc5 31. Bxc5 dxc5 32. Qf4+ Ka7 33. e5 1-0


[Site "https://www.chess.com"]

[Event "Titled Tuesday Blitz May 4 2021"]
[White "Tokman, Ariel"]
[Black "Ranindu2003"]
[WhiteFideId "117420"]
[WhiteElo "2345"]
[BlackElo "2588"]
[Result "1-0"]
[Round "03"]
[TimeControl "180+1"]
[Date "2021.05.04"]
[WhiteClock "0:00:16"]
[BlackClock "0:00:39"]

1. d4 Nf6 2. c3 d5 3. Nf3 e6 4. Bg5 c5 5. Nbd2 Be7 6. e3 O-O 7. Bd3 b6 8. O-O Bb7 9. a4 a6 10. Qe2 Ne4 11. Bxe7 Qxe7 12. Ne5 f6 13. Nef3 Nd7 14. Rfd1 Kh8 15. Rac1 e5 16. dxe5 Nxe5 17. Nxe5 Qxe5 18. Bxe4 dxe4 19. Nc4 Qe7 20. Nxb6 Rad8 21. Qc4 Rxd1+ 22. Rxd1 Rd8 23. Qe2 a5 24. h3 Bc6 25. b3 h6 26. Rxd8+ Qxd8 27. Nc4 Bb7 28. Qd2 Qa8 29. Qd6 Qa7 30. Qb6 Qxb6 31. Nxb6 Ba6 32. c4 Kg8 33. Nd7 Bb7 34. Nxc5 Bc6 35. Kf1 Kf7 36. Na6 Ke7 37. Nc7 Kd6 38. Nb5+ Kc5 39. Nd4 Bd7 40. Nc2 g5 41. Ke2 h5 42. Kd2 f5 43. Kc3 f4 44. Nd4 h4 45. exf4 gxf4 46. Ne2 f3 47. gxf3 exf3 48. Nd4 Bxh3 49. Nxf3 Bf5 50. Nxh4 Bg4 51. Ng6 Bf5 52. Nf4 Kd6 53. Kd4 Bd3 54. Kc3 1-0


[Site "https://www.chess.com"]

[Event "Titled Tuesday Blitz May 4 2021"]
[White "Trent, Lawrence"]
[Black "Zeydan, Salih"]
[WhiteFideId "408638"]
[BlackFideId "6361722"]
[WhiteElo "2474"]
[BlackElo "1988"]
[Result "1-0"]
[Round "03"]
[TimeControl "180+1"]
[Date "2021.05.04"]
[WhiteClock "0:02:37"]
[BlackClock "0:01:05"]

1. d4 Nf6 2. Bg5 Ne4 3. Bf4 d5 4. e3 e6 5. Nd2 Nxd2 6. Qxd2 Bd6 7. Bd3 Bxf4 8. exf4 Nd7 9. Nf3 c5 10. dxc5 Nxc5 11. Qc3 Nxd3+ 12. cxd3 Qf6 13. Qe5 Bd7 14. Rc1 Bc6 15. Nd4 Rc8 16. O-O O-O 17. Rc3 Bd7 18. Rfc1 Qe7 19. Nf5 Qf6 20. Qxf6 1-0


[Site "https://www.chess.com"]

[Event "Titled Tuesday Blitz May 4 2021"]
[White "Triapishko, Alexandr"]
[Black "Kretov, Evgenij"]
[WhiteFideId "14122286"]
[BlackFideId "4167821"]
[WhiteElo "2490"]
[BlackElo "2381"]
[Result "1-0"]
[Round "03"]
[TimeControl "180+1"]
[Date "2021.05.04"]
[WhiteClock "0:00:06"]
[BlackClock "0:00:15"]

1. d4 Nf6 2. c4 c5 3. Nf3 cxd4 4. Nxd4 Nc6 5. Nc3 g6 6. e4 d6 7. Be2 Nxd4 8. Qxd4 Bg7 9. Be3 O-O 10. Qd2 Be6 11. Rc1 Qa5 12. f3 Rfc8 13. b3 a6 14. Na4 Qxd2+ 15. Kxd2 Nd7 16. g4 f5 17. exf5 gxf5 18. h3 Rf8 19. f4 Rad8 20. g5 Bf7 21. Bf3 b5 22. cxb5 axb5 23. Nc3 Bxc3+ 24. Rxc3 e5 25. Rc7 exf4 26. Bxf4 Ne5 27. Be2 Ra8 28. Rc2 Bd5 29. Rhc1 Be4 30. Rb2 b4 31. Ke3 Rfc8 32. Rxc8+ Rxc8 33. Rd2 Rc3+ 34. Kf2 Nd3+ 35. Bxd3 Rxd3 36. Rxd3 Bxd3 37. Ke3 Bb1 38. Kd2 d5 39. Kc1 Bd3 40. Bd6 Kf7 41. Bxb4 Kg6 42. Bd2 Bf1 43. a4 Kf7 44. b4 Ke6 45. b5 Kd7 46. Be3 Bxh3 47. Kc2 Bf1 48. Kc3 Kc7 49. Kb4 Kd6 50. a5 Be2 51. a6 Kc7 52. Kc5 d4 53. Bf4+ Kc8 54. Kc6 d3 55. b6 Bf3+ 56. Kc5 Be4 57. Kd4 Bc6 58. Kc3 Be4 59. b7+ Bxb7 60. axb7+ Kxb7 61. Kxd3 Kc6 62. Kd4 Kd7 63. Ke5 Ke7 64. Kxf5 Kf7 65. Be5 Kg8 66. Kf6 Kf8 67. Bd6+ Kg8 68. Bc5 Kh8 69. Kf7 h5 70. g6 1-0


[Site "https://www.chess.com"]

[Event "Titled Tuesday Blitz May 4 2021"]
[White "Tristan, Leonardo"]
[Black "Krasilnikov, Evgeni"]
[WhiteFideId "113816"]
[BlackFideId "4139739"]
[WhiteElo "2404"]
[BlackElo "2357"]
[Result "1-0"]
[Round "03"]
[TimeControl "180+1"]
[Date "2021.05.04"]
[WhiteClock "0:00:04"]
[BlackClock "0:00:04"]

1. d4 Nf6 2. Bf4 d6 3. e3 g6 4. Be2 Bg7 5. Nf3 O-O 6. O-O c5 7. c3 b6 8. h3 Bb7 9. Bh2 a6 10. a4 Nbd7 11. Nbd2 Ne4 12. Nxe4 Bxe4 13. Qb3 Ra7 14. d5 Bxf3 15. Bxf3 Qa8 16. Be2 Rb8 17. Ra3 Nf6 18. c4 b5 19. axb5 axb5 20. Rxa7 Qxa7 21. cxb5 Qb7 22. Rd1 Ne8 23. Qa4 Nc7 24. b4 Nxd5 25. bxc5 Nc3 26. Qc2 Nxe2+ 27. Qxe2 Qxb5 28. Qxb5 Rxb5 29. cxd6 exd6 30. Bxd6 Be5 31. Be7 Kg7 32. f4 Bf6 33. Bd6 Ra5 34. Kf2 Ra2+ 35. Kf3 Ra1 36. Rd2 h5 37. g4 hxg4+ 38. hxg4 Rb1 39. g5 Bc3 40. Rc2 Ba1 41. Ra2 Bc3 42. Ra3 Bb4 43. Be5+ Kf8 44. Ra8+ Ke7 45. Rb8 Rb3 46. Bf6+ Ke6 47. Bg7 Rb1 48. Bf8 Rf1+ 49. Ke2 Re1+ 50. Kf2 Bd2 51. Rb6+ Kf5 52. Rb5+ Kg4 53. Bc5 Rc1 54. Bd4 Rc2 55. Ke2 Bc1+ 56. Kd3 Rc8 57. Rb7 Rf8 58. Ke4 Re8+ 59. Be5 Rf8 60. Rb1 Bd2 61. Rg1+ Kh3 62. Kf3 Kh2 63. Rg2+ Kh3 64. Rxd2 f5 65. gxf6 g5 66. fxg5 Rg8 67. Rh2# 1-0


[Site "https://www.chess.com"]

[Event "Titled Tuesday Blitz May 4 2021"]
[White "Valdes Romero, Leonardo"]
[Black "Chernomordik, Pavel"]
[WhiteFideId "6500331"]
[BlackFideId "2804530"]
[WhiteElo "2497"]
[BlackElo "2299"]
[Result "1-0"]
[Round "03"]
[TimeControl "180+1"]
[Date "2021.05.04"]
[WhiteClock "0:00:27"]
[BlackClock "0:00:05"]

1. e4 g6 2. d3 Bg7 3. g3 h5 4. Nf3 d6 5. Bg2 c5 6. a4 Nc6 7. O-O Bg4 8. h3 Bd7 9. c3 Qc8 10. Kh2 e5 11. Na3 a6 12. Nc4 Qc7 13. a5 Nge7 14. Bg5 f6 15. Bd2 g5 16. Qb3 O-O-O 17. Nb6+ Kb8 18. Qf7 Rdg8 19. b4 Be8 20. Qe6 Nd8 21. Qb3 Bf7 22. c4 Ne6 23. Be3 g4 24. Nh4 Bh6 25. bxc5 Nxc5 26. Bxc5 dxc5 27. Nd5 Bxd5 28. exd5 Rd8 29. Rab1 Nc8 30. Nf5 Nd6 31. Nxd6 Rxd6 32. h4 Rh7 33. Be4 Rg7 34. Bf5 Qxa5 35. Be6 Rc7 36. Bf5 Qb4 37. Qc2 Qd2 38. Qa4 Rd8 39. Rb6 Be3 40. Kg2 Bd4 41. d6 Rg7 42. Qxa6 Qe2 43. Be4 f5 44. Rxb7+ 1-0


[Site "https://www.chess.com"]

[Event "Titled Tuesday Blitz May 4 2021"]
[White "ValeriyGrinev"]
[Black "Torkkola, Henri"]
[BlackFideId "507660"]
[WhiteElo "2622"]
[BlackElo "2137"]
[Result "1-0"]
[Round "03"]
[TimeControl "180+1"]
[Date "2021.05.04"]
[WhiteClock "0:01:30"]
[BlackClock "0:00:02"]

1. c4 g6 2. Nc3 Bg7 3. d4 d6 4. e4 e5 5. Nf3 exd4 6. Nxd4 Ne7 7. h4 h5 8. Bg5 Nbc6 9. Nxc6 bxc6 10. c5 Be6 11. cxd6 cxd6 12. Qd2 Qc7 13. Rd1 d5 14. exd5 Nxd5 15. Nxd5 Bxd5 16. Qe3+ Qe5 17. b3 O-O 18. Qxe5 Bxe5 19. f3 Bg3+ 20. Kd2 Rfe8 21. Bd3 Re6 22. Kc2 Rae8 23. Rd2 f6 24. Bxg6 fxg5 25. Bxe8 Rxe8 26. hxg5 Bf7 27. Rhd1 Bf4 28. Rd8 Bxg5 29. Rxe8+ Bxe8 30. Kc3 Bf7 31. Rd7 Be3 32. a4 Kg7 33. b4 Bf2 34. Rc7 Be1+ 35. Kd4 Bxb4 36. Rxa7 c5+ 37. Ke4 Kf6 38. a5 Bg6+ 39. Ke3 Bf7 40. a6 Bc4 41. Rc7 Bxa6 42. Rc6+ Kg5 43. Rxa6 Kh4 44. Kf4 1-0


[Site "https://www.chess.com"]

[Event "Titled Tuesday Blitz May 4 2021"]
[White "Van Foreest, Jorden"]
[Black "Kopjonkin, Kirill"]
[WhiteFideId "1039784"]
[BlackFideId "24140090"]
[WhiteElo "2622"]
[BlackElo "2224"]
[Result "1/2-1/2"]
[Round "03"]
[TimeControl "180+1"]
[Date "2021.05.04"]
[WhiteClock "0:01:14"]
[BlackClock "0:00:04"]

1. g3 Nf6 2. Bg2 g6 3. f4 Bg7 4. e4 d6 5. d4 O-O 6. Nc3 e5 7. dxe5 dxe5 8. Qxd8 Rxd8 9. fxe5 Ng4 10. Bg5 Re8 11. Nf3 c6 12. O-O-O Nxe5 13. Nxe5 Bxe5 14. Rd2 Na6 15. Rhd1 Bg4 16. Re1 Nc5 17. Bf4 Bg7 18. h3 Be6 19. Bd6 Nd7 20. Red1 Ne5 21. b3 Nc4 22. bxc4 Bxc3 23. Rd3 Bf6 24. Rb3 b6 25. e5 Bg5+ 26. Kb2 Rac8 27. Ra3 a5 28. c5 Bd8 29. cxb6 Bxb6 30. Rc3 c5 31. Bb7 Rcd8 32. Bc6 Bd7 33. Bxc5 Bxc6 34. Rxd8 Bxd8 35. Bb6 Bxb6 36. Rxc6 Bd4+ 37. c3 Bxe5 38. g4 Rb8+ 39. Kc2 Bg7 40. a4 Bf8 41. Ra6 Rc8 42. Kd3 Bg7 43. c4 Rd8+ 44. Kc2 Rc8 45. Kd3 Rd8+ 46. Kc2 Bd4 47. Rxa5 f5 48. gxf5 g5 49. Rd5 Rxd5 50. cxd5 Kf7 51. d6 Bc5 52. Kd3 Bxd6 53. Ke4 Kf6 54. a5 Bc5 55. a6 Ba7 56. h4 g4 57. h5 Kg5 58. f6 Kxf6 59. Kf4 Kg7 60. Kxg4 Kh6 61. Kh4 Bb6 62. Kg4 Ba7 63. Kh4 Kg7 64. Kg5 Kf7 65. Kh6 Kg8 66. Kg5 Kf7 67. Kf5 Kg7 68. Kg5 Be3+ 69. Kg4 Kh6 70. Kh4 Bf2+ 71. Kg4 Bg1 72. Kh4 Bd4 73. Kg4 Bf2 74. Kf3 Ba7 75. Kg4 Bb6 76. Kh4 Kg7 77. Kg5 h6+ 78. Kf4 Kf6 79. Kg4 Ke5 80. Kf3 Ba7 81. Kg4 Ke4 82. Kg3 Kf5 83. Kf3 Kg5 84. Kg3 Kxh5 85. Kh3 Kg5 86. Kg2 Kg4 87. Kh1 Kf3 88. Kh2 h5 89. Kh1 h4 90. Kh2 Kg4 91. Kh1 Kf3 92. Kh2 Kg4 93. Kg2 h3+ 94. Kh1 Bb8 95. Kg1 Kg3 96. Kh1 h2 97. a7 Bxa7 1/2-1/2


[Site "https://www.chess.com"]

[Event "Titled Tuesday Blitz May 4 2021"]
[White "Van der Velden, Bram"]
[Black "Pile, Richard"]
[WhiteFideId "1015753"]
[BlackFideId "624110"]
[WhiteElo "2155"]
[BlackElo "2376"]
[Result "0-1"]
[Round "03"]
[TimeControl "180+1"]
[Date "2021.05.04"]
[WhiteClock "0:00:14"]
[BlackClock "0:00:16"]

1. d4 Nf6 2. c4 e6 3. Nc3 Bb4 4. Nf3 c5 5. g3 Nc6 6. d5 Ne7 7. d6 Bxc3+ 8. bxc3 Nf5 9. Bf4 Qa5 10. Be5 Ne4 11. Qd3 Nfxd6 12. Bxg7 Rg8 13. Be5 f5 14. Bg2 Nf7 15. Bf4 Qxc3+ 16. Qxc3 Nxc3 17. Ne5 Ne4 18. O-O b6 19. Bf3 Nxe5 20. Bxe5 Bb7 21. Bh5+ Ke7 22. f3 Nd6 23. Bf4 Nxc4 24. Rac1 Na5 25. e4 fxe4 26. fxe4 Bxe4 27. Rce1 d5 28. Bh6 Rg6 29. Bxg6 Bxg6 30. Bg5+ Kd7 31. h4 Nc6 32. g4 h5 33. Rf6 Rg8 34. gxh5 Bxh5 35. Rh6 Bg4 36. Rh7+ Kc8 37. Kh2 Nd4 38. Rf1 Bf5 39. Bf4 c4 40. Rxa7 Rg4 41. Bd6 Nb5 0-1


[Site "https://www.chess.com"]

[Event "Titled Tuesday Blitz May 4 2021"]
[White "Vargas, Gabriela"]
[Black "Elgersma, Onno"]
[WhiteFideId "3700860"]
[BlackFideId "1053531"]
[WhiteElo "2116"]
[BlackElo "2475"]
[Result "0-1"]
[Round "03"]
[TimeControl "180+1"]
[Date "2021.05.04"]
[WhiteClock "0:00:18"]
[BlackClock "0:00:23"]

1. d4 d5 2. Nf3 e6 3. Bg5 Nf6 4. Nbd2 c5 5. c3 Nc6 6. e3 Bd6 7. Bd3 O-O 8. O-O e5 9. dxc5 Bxc5 10. e4 dxe4 11. Nxe4 Be7 12. Qe2 Nd5 13. Bxe7 Qxe7 14. Rfe1 Nf4 15. Qc2 Nxd3 16. Qxd3 Kh8 17. Qd6 Qxd6 18. Nxd6 f6 19. Rad1 Bg4 20. h3 Bxf3 21. gxf3 Rab8 22. Rd2 Kg8 23. Red1 Rfd8 24. b4 a6 25. a4 Kf8 26. Kg2 Ne7 27. b5 axb5 28. axb5 Ng6 29. c4 Nf4+ 30. Kh2 Ne6 31. b6 Nd4 32. Kg2 Rxd6 0-1


[Site "https://www.chess.com"]

[Event "Titled Tuesday Blitz May 4 2021"]
[White "Veiga, Emerson de Sousa"]
[Black "Laxman, R.R."]
[WhiteFideId "2151898"]
[BlackFideId "5005361"]
[WhiteElo "2034"]
[BlackElo "2476"]
[Result "0-1"]
[Round "03"]
[TimeControl "180+1"]
[Date "2021.05.04"]
[WhiteClock "0:00:02"]
[BlackClock "0:02:00"]

1. e4 e5 2. Bc4 Nf6 3. d3 c6 4. Nf3 d5 5. Bb3 Bd6 6. O-O O-O 7. Nc3 dxe4 8. dxe4 Na6 9. Be3 Qe7 10. h3 Nc5 11. Bxc5 Bxc5 12. Qe2 b5 13. a3 a5 14. Rfd1 a4 15. Ba2 Nh5 16. Nh2 Nf4 17. Qf3 Qg5 18. Kh1 Be6 19. Nf1 Kh8 20. Ng3 Bxa2 21. Rxa2 g6 22. Nce2 Rad8 23. Raa1 f5 24. exf5 gxf5 25. Nxf4 Qxf4 26. Qxf4 exf4 27. Ne2 Bxf2 28. Nxf4 Rfe8 29. Rf1 Bd4 30. c3 Be5 31. Nh5 Rf8 32. Rad1 f4 33. Rfe1 Rxd1 34. Rxd1 h6 35. g4 fxg3 36. Re1 Rf5 37. Kg2 Rxh5 0-1


[Site "https://www.chess.com"]

[Event "Titled Tuesday Blitz May 4 2021"]
[White "Vignesh, N R"]
[Black "Ceres, Dragos"]
[WhiteFideId "25012215"]
[BlackFideId "13905864"]
[WhiteElo "2401"]
[BlackElo "2118"]
[Result "1-0"]
[Round "03"]
[TimeControl "180+1"]
[Date "2021.05.04"]
[WhiteClock "0:00:39"]
[BlackClock "0:00:03"]

1. c4 e5 2. g3 Nf6 3. Bg2 c6 4. d4 exd4 5. Qxd4 Na6 6. Nf3 Bc5 7. Qd1 O-O 8. O-O Nc7 9. Nc3 d5 10. cxd5 Ncxd5 11. Bd2 Re8 12. Rc1 Qe7 13. Nxd5 Nxd5 14. e4 Nc7 15. Bg5 f6 16. Bf4 Ne6 17. Qb3 Kh8 18. Be3 Bxe3 19. Qxe3 Nc7 20. Nd4 Be6 21. a3 Rad8 22. Nxe6 Nxe6 23. Qxa7 Nd4 24. Rfe1 Nb5 25. Qe3 Rd4 26. Bf1 Red8 27. Bxb5 cxb5 28. e5 fxe5 29. Qxe5 Qxe5 30. Rxe5 b4 31. a4 b3 32. Rb5 Rxa4 33. Rxb7 Ra2 34. Rxb3 h6 35. Rc7 Rd2 36. Rb8+ Kh7 37. Rbb7 Raxb2 38. Rxg7+ Kh8 39. Rh7+ Kg8 40. Rxb2 Rd1+ 41. Kg2 Kxh7 42. h4 h5 43. Rb5 Kg6 44. Rb6+ Kh7 45. Kf3 Rd4 46. Ke3 Rg4 47. Re6 Kg7 48. Re5 Kh6 49. Re4 Rg8 50. Re6+ Kh7 51. Ke4 Rg4+ 52. Kf5 Rg8 53. Rf6 Rg4 54. Re6 Rg8 55. Re3 Kh6 56. f4 Rf8+ 57. Ke4 Rg8 58. Kf3 Kg6 59. Re6+ Kh7 60. f5 1-0


[Site "https://www.chess.com"]